 Dungeon Crawl Stone Soup version 0.27.1 (webtiles) character file.

Game seed: 2565936589985605547

9 H0rd4k the Caller (level 2, -1/19 HPs)
             Began as a Barachi Summoner on Aug 31, 2021.
             Succumbed to a kobold's poison
             ... on level 3 of the Dungeon.
             The game lasted 00:01:22 (1773 turns).

H0rd4k the Caller (Barachi Summoner)                Turns: 1773, Time: 00:01:23

Health: -1/19      AC:  2    Str:  9    XL:     2   Next: 16%
Magic:  2/5        EV: 12    Int: 15    God:
Gold:   34         SH:  0    Dex: 12    Spells: 4/5 levels left

rFire    . . .     SeeInvis .   (no weapon)
rCold    . . .     Faith    .   (no shield)
rNeg     . . .     Spirit   .   a - +0 robe
rPois    .         Reflect  .   (no helmet)
rElec    .         Harm     .   (no cloak)
rCorr    .         Rampage  .   (no gloves)
Will     .....                  (no boots)
Stlth    ++........             (no amulet)
HPRegen  0.06/turn              (no ring)
MPRegen  0.09/turn              (no ring)

@: mighty, lethally poisoned (-1 -> -11), slow
A: amphibious, slowness 1, strong legs 1, +LOS
a: Hop


You were on level 3 of the Dungeon.
You visited 1 branch of the dungeon, and saw 3 of its levels.

You collected 34 gold pieces.

Inventory:

Armour
 a - a +0 robe (worn)
Scrolls
 d - a scroll of brand weapon {unknown}
 e - a scroll of silence {unknown}
 f - a scroll of amnesia {unknown}
 h - 2 scrolls of identify {unknown}
 i - a scroll of teleportation {unknown}
Potions
 b - a potion of haste {unknown}
 c - a potion of might
 g - a potion of flight {unknown}


   Skills:
 + Level 2.2 Dodging
 - Level 1.7 Stealth
 + Level 0.4 Unarmed Combat
 + Level 2.4 Spellcasting
 + Level 5.1 Summonings


You had 4 spell levels left.
You knew the following spells:

 Your Spells              Type           Power      Damage    Failure   Level
a - Summon Small Mammal   Summ           68%        N/A       2%          1

Your spell library contained the following spells:

 Spells                   Type           Power      Damage    Failure   Level
 Call Imp                 Summ           17%        N/A       3%          2
 Call Canine Familiar     Summ           17%        N/A       8%          3
 Summon Guardian Golem    Hex/Summ       9%         N/A       22%         3
 Summon Lightning Spire   Summ/Air       9%         N/A       58%         4


Dungeon Overview and Level Annotations

Branches:
Dungeon (3/15)

Altars:

Annotations:
D:3 exclusion: upstairs, Natasha


Innate Abilities, Weirdness & Mutations

You are amphibious.
You cover ground slowly.
You can hop short distances.
You have an extended range of vision and can be seen from far away.


Message History

You swap places.
You feel sick.
You are no longer poisoned.
The kobold hits your bat with a +0 club.
You are too injured to fight recklessly!
You are too injured to fight recklessly!
You are too injured to fight recklessly!
You are too injured to fight recklessly!
You are too injured to fight recklessly!
You are too injured to fight recklessly!
Your bat barely misses the kobold.
Your bat hits the kobold.
Your quokka bites the kobold but does no damage.
The kobold throws a poisoned dart.
The poisoned dart barely misses your bat.
The poisoned dart misses you.
Your bat barely misses the kobold.
Your quokka bites the kobold but does no damage.
The kobold hits your bat with a +0 club.
Your bat barely misses the kobold. x2; Your quokka bites the kobold.
The kobold hits your bat with a +0 club.
Your bat dies!
Your bat's corpse disappears in a puff of smoke!
You swap places.
The kobold closely misses something.
Your bat completely misses the kobold.
The kobold throws a poisoned dart.
The poisoned dart hits your quokka!
Your quokka is poisoned.
Your quokka closely misses the kobold.
The kobold misses something.
Your bat hits the kobold but does no damage.
The kobold throws a poisoned dart.
The poisoned dart closely misses your bat.
The poisoned dart closely misses your quokka.
The poisoned dart hits you!
You are lethally poisoned!
* * * LOW HITPOINT WARNING * * *
You feel very sick.
The kobold barely misses something.
You are too injured to fight recklessly!
It was a potion of might.
You feel very mighty all of a sudden.
You die...

#..........##.#...#.###.#
#..........##.#.##......#
#..........##.#....######
#..........##......#
#..........##......######
#...........#............
#.......)...#............
#..........†#.....#......
#.......@.........#......
#.###..##r#####'###......
.......†.# #.# #......
#....?...K# #.# #......
#.........# #.# #######
#.........# #.#
#######...# #.# ##..# #.#
#.># #.#########


You could see a kobold (ally target) and a friendly quokka (summoned).

Vanquished Creatures
  An endoplasm (D:3)
  A ball python (D:1)
  A bat (D:3)
  A rat (D:3)
4 creatures vanquished.

Vanquished Creatures (collateral kills)
  An endoplasm (D:1)
  A goblin (D:3)
  A hobgoblin (D:1)
  3 frilled lizards
  3 rats
9 creatures vanquished.

Grand Total: 13 creatures vanquished

Notes
Turn   | Place    | Note
-------+----------+-------------------------------------------
     0 | D:1      | H0rd4k the Barachi Summoner began the quest for the Orb.
     0 | D:1      | Reached XP level 1. HP: 13/13 MP: 3/3
    77 | D:1      | Found a faded altar of an unknown god.
   536 | D:1      | Reached skill level 5 in Summonings
  1463 | D:3      | Noticed Natasha
  1507 | D:3      | Reached XP level 2. HP: 19/19 MP: 1/5
  1773 | D:3      | Succumbed to a kobold's poison

Illustrated notes

Levels and vault maps discovered:
D:1:      nicolae_arrival_washed_ashore, layout_loops_ring,
          chequers_ecumenical_altar_island
D:2:      layout_loops_ring, palyth_stone_intersect
D:3:      layout_basic, cheibrodos_sewer_entry_bend, uniq_natasha

Skill      XL: |  1 |
---------------+----+-----
Summonings     | 5 |  5.1
Dodging        | |  2.2
Stealth        | |  1.7
Unarmed Combat | |  0.4
Spellcasting   | |  2.4

Action                   || total
-------------------------++-------
Melee: Unarmed           ||    29
 Cast: Summon Small Mamm ||    38
  Use: Potion            ||     1
Armor: Robe              ||    12
Dodge: Dodged            ||    39
